 Dungeon Crawl Stone Soup version 0.23.2-1-ga50397a (webtiles) character file.

Game seed: 3845745007825491140

55028 MalarOregon the Spry (level 14, -2/177 HPs)
             Began as a Merfolk Berserker on May 19, 2019.
             Was a High Priest of Trog.
             Slain by a naga
             ... wielding a +0 flail
              (4 damage)
             ... on level 1 of the Snake Pit.
             The game lasted 00:44:33 (27482 turns).

MalarOregon the Spry (Merfolk Berserker)           Turns: 27482, Time: 00:44:34

Health: -2/177     AC: 23    Str: 32    XL:     14   Next: 75%
Magic:  18/18      EV: 13    Int:  7    God:    Trog [*****.]
Gold:   1694       SH: 11    Dex: 14    Spells: 13/13 levels left

rFire    . . .     SeeInvis +   a - +1 spear (freeze)
rCold    + . .     Gourm    .   g - +0 shield
rNeg     . . .     Faith    .   F - +0 chain mail of Trog's Delight {rC+ Str+6}
rPois    +         Spirit   .   Y - +2 helmet {SInv}
rElec    .         Reflect  .   M - scarf {cloud immunity}
rCorr    .         Harm     .   X - +1 pair of gloves
MR       +++..                  j - +1 pair of boots
Stlth    ..........             P - amulet of the acrobat
HPRegen  1.39/turn              f - +4 ring of protection
MPRegen  0.16/turn              Q - ring of poison resistance

@: berserking (expiring), lethally poisoned (-2 -> -2), regenerating, slowed,
constricted
A: change form in water, swift swim, stealthy swim
a: Berserk, Trog's Hand, Brothers in Arms, Renounce Religion


You were on level 1 of the Snake Pit.
You worshipped Trog.
Trog was extremely pleased with you.
You were very hungry.

You visited 5 branches of the dungeon, and saw 18 of its levels.
You also visited: Sewer and Ice Cave.

You collected 2042 gold pieces.
You spent 348 gold pieces at shops.

Inventory:

Hand Weapons
 a - a +1 spear of freezing (weapon)
Missiles
 h - 5 javelins of returning (quivered)
 o - 2 throwing nets {!f}
 U - 8 silver javelins
Armour
 g - a +0 shield (worn)
   (You found it on level 6 of the Lair of Beasts)
 j - a +1 pair of boots (worn)
   (You found it on level 2 of the Dungeon)
 F - the +0 chain mail of Trog's Delight (worn) {rC+ Str+6}
   (You found it on level 6 of the Lair of Beasts)

   It affects your strength (+6).
   It protects you from cold.
 M - a scarf of cloud immunity (worn)
   (You found it on level 2 of the Lair of Beasts)
 X - a +1 pair of gloves (worn)
   (You found it on level 6 of the Lair of Beasts)
 Y - a +2 helmet of see invisible (worn)
   (You found it on level 6 of the Lair of Beasts)
Jewellery
 f - a +4 ring of protection (left hand)
   (You took it off a spriggan on level 6 of the Lair of Beasts)
 v - an uncursed ring of ice
   (You found it on level 3 of the Dungeon)
 O - an uncursed ring of fire
   (You found it in an ice cave)
 P - an amulet of the acrobat (around neck)
   (You found it on level 4 of the Lair of Beasts)
 Q - a ring of poison resistance (right hand)
   (You found it on level 3 of the Lair of Beasts)
Wands
 c - a wand of disintegration (24)
   (You found it on level 1 of the Lair of Beasts)
 d - a wand of iceblast (7)
   (You found it on level 6 of the Lair of Beasts)
 t - a wand of flame (31)
   (You bought it in a shop on level 4 of the Dungeon)
 u - a wand of paralysis (14)
   (You found it on level 2 of the Lair of Beasts)
 I - a wand of enslavement (9)
   (You bought it in a shop on level 4 of the Dungeon)
 S - a wand of polymorph (8)
   (You found it on level 5 of the Lair of Beasts)
Scrolls
 p - 3 scrolls of identify {@r1}
 r - 12 scrolls of teleportation {@r4}
 s - 12 scrolls of remove curse {@r2}
 w - 5 scrolls of enchant weapon
 y - a scroll of fear
 B - 3 scrolls of magic mapping
 D - 2 scrolls of immolation {!r}
 E - 4 scrolls of blinking
 L - 2 scrolls of fog
Potions
 b - 2 potions of invisibility
 i - 2 potions of resistance
 k - a potion of berserk rage {unknown}
 l - 6 potions of flight
 m - 4 potions of haste {@q3}
 n - 4 potions of curing {@q1}
 q - a potion of brilliance
 z - 3 potions of lignification {!q}
 A - 3 potions of might
 G - a potion of agility
 H - a potion of mutation {!q}
 N - a potion of heal wounds {@q2}
 W - 2 potions of magic
Miscellaneous
 x - a phantom mirror
 R - a fan of gales
   (You found it in an ice cave)
Comestibles
 e - 22 rations {!d}


   Skills:
 + Level 13.6 Fighting
 - Level 12.0 Polearms
 + Level 9.1 Throwing
 + Level 9.8 Armour
 + Level 15.5 Dodging
 + Level 4.1 Shields
 + Level 5.4 Evocations


You had 13 spell levels left.
You didn't know any spells.
Your spell library was empty.

Dungeon Overview and Level Annotations

Branches:
Dungeon (9/15)             Temple (1/1) D:6            Lair (6/6) D:9
  Swamp (1/4) Lair:4        Snake (1/4) Lair:4        Slime (0/5) Lair:6
    Orc (0/2) D:9

Altars:
Ashenzari
Cheibriados
Dithmenos
Elyvilon
Fedhas
Gozag
Hepliaklqana
Kikubaaqudgha
Makhleb
Nemelex Xobeh
Okawaru
Qazlal
Ru
Sif Muna
Trog
Uskayaw
Vehumet
Wu Jian
Xom
Yredelemnul
Zin
The Shining One

Shops:
D:4 *   D:7 :   D:8 *

Annotations:
D:3 exclusion: oklob plant
D:7 1 runed translucent door, laerbn's ghost, novice MfSk


Message History

The naga blinks!
The naga warrior closely misses you. You block the naga warrior's attack.
The salamander hits you.
* * * LOW HITPOINT WARNING * * *
You are engulfed in flames!
* * * LOW HITPOINT WARNING * * *
The naga barely misses you. The naga mage closely misses you.
The naga completely misses you. The salamander hits you.
* * * LOW HITPOINT WARNING * * *
You are engulfed in flames!
* * * LOW HITPOINT WARNING * * *
You puncture the salamander! You freeze the salamander.
The naga warrior completely misses you. The naga mage spits poison at you.
The splash of poison hits you but does no damage.
You resist.
You hit the salamander. You freeze the salamander.
The salamander hits you but does no damage.
The naga warrior hits you with a +0 scimitar!
* * * LOW HITPOINT WARNING * * *
* * * LOW HITPOINT WARNING * * *
The naga warrior constricts you. You block the naga warrior's attack.
You block the naga's attack. The salamander misses you.
The naga hits you but does no damage.
Unknown command.
You are too berserk!
You are too berserk!
Wield which item (- for none, * to show all)? (? for menu, Esc to quit)
Okay, then.
Okay, then.
You are too berserk!
What are your orders? t - Shout!
Anything else - Cancel.
Okay, then.
Unknown command.
You puncture the naga warrior! You freeze the naga warrior.
The naga mage spits poison at you. The splash of poison misses you.
The splash of poison hits the salamander!
The salamander is poisoned.
The naga warrior closely misses you.
The salamander hits you but does no damage.
The naga warrior spits poison at you.
The splash of poison hits you but does no damage.
You resist. The naga warrior constricts you.
The naga mage hits you with a +0 spear.
* * * LOW HITPOINT WARNING * * *
Unknown command.
You hit the naga warrior. You freeze the naga warrior.
You feel sick.
The naga warrior hits you but does no damage.
The naga hits you with a +0 flail.
You die...

#.# N... .. .N.$.
#.## #..... #
##..###..... #.
.........#
#.####(#(#...#..
#.NNN()(.......#
#.N@NN(........#
#.....NNN...........
..#####SN.##........
....###.........
##... ..#.#.##.
...## .###.#.# #..#
. .# # ..# #. .#


You could see 4 naga warriors, 2 salamanders, a guardian serpent, a naga mage
and 3 nagas.

Vanquished Creatures
  Kirke (Swamp:1)
  A fire dragon (Lair:4)
  Harold (D:8)
  6 hydras
  A ghost crab (Swamp:1)
  2 alligators
  A lindwurm (Lair:6)
  A swamp dragon (Swamp:1)
  3 oklob plants (Lair:6)
  2 ugly things (IceCv)
  3 elephants (Lair:6)
  10 black mambas
  A guardian serpent (Snake:1)
  3 ice statues (IceCv)
  12 spiny frogs
  2 komodo dragons (Lair:6)
  17 rime drakes
  2 ice devils (Lair:2)
  A troll (D:9)
  6 polar bears
  2 tyrant leeches (Swamp:1)
  8 blink frogs
  5 hornets (Lair:6)
  6 slime creatures (Swamp:1)
  3 dream sheep
  5 hippogriffs
  15 spriggans
  33 yaks
  2 wyverns
  2 hogs (Swamp:1)
  A basilisk (Lair:4)
  8 steam dragons (Lair:4)
  A hungry ghost (D:9)
  4 vampire mosquitoes (Swamp:1)
  3 swamp worms (Swamp:1)
  5 nagas
  A warg (D:9)
  Duvessa (D:7)
  12 water moccasins
  9 porcupines
  5 black bears
  6 necrophages (Lair:5)
  6 orc warriors
  3 sky beasts (D:9)
  6 ogres
  A swamp drake (Lair:1)
  3 ice beasts (IceCv)
  26 wolves
  3 boggarts (Lair:6)
  3 centaurs
  7 crocodiles
  4 big kobolds
  9 bullfrogs
  Dowan (D:7)
  2 scorpions
  3 howler monkeys
  An electric eel (Lair:2)
  3 crimson imps (D:9)
  5 jellies
  A bullfrog skeleton (D:5)
  5 orc priests
  4 hounds
  11 orc wizards
  2 worker ants
  A hound skeleton (D:9)
  8 adders
  2 river rats
  A shadow imp (D:7)
  5 oozes
  3 worms (Sewer)
  A dart slug (D:1)
  A leopard gecko (D:3)
  28 orcs
  5 ball pythons
  17 bats
  6 giant cockroaches
  8 goblins
  10 hobgoblins
  11 jackals
  8 kobolds
  4 quokkas
  5 frilled lizards
  6 rats
452 creatures vanquished.

Vanquished Creatures (collateral kills)
  A hydra (Lair:4)
  3 ice beasts (IceCv)
4 creatures vanquished.

Vanquished Creatures (others)
  A hydra (Lair:6)
  A rime drake (Lair:4)
  3 humans (Swamp:1)
  A steam dragon (Lair:4)
  A water moccasin (Lair:1)
  5 fungi
  5 plants
17 creatures vanquished.

Grand Total: 473 creatures vanquished

Notes
Turn   | Place    | Note
-------+----------+-------------------------------------------
     0 | D:1      | MalarOregon the Merfolk Berserker began the quest for the
                  | Orb.
     0 | D:1      | Reached XP level 1. HP: 18/18 MP: 1/1
   186 | D:1      | Reached XP level 2. HP: 15/24 MP: 2/2
   189 | D:1      | Reached skill level 3 in Dodging
   727 | D:1      | Reached XP level 3. HP: 29/29 MP: 3/3
  1045 | D:1      | Reached skill level 5 in Polearms
  1350 | D:2      | Reached ** piety under Trog
  1627 | D:2      | Reached XP level 4. HP: 37/37 MP: 4/4
  1887 | D:3      | Reached skill level 1 in Throwing
  1939 | D:3      | Found a glowing drain.
  2135 | Sewer    | Entered a sewer
  2405 | Sewer    | Reached XP level 5. HP: 42/42 MP: 5/5
  3339 | D:3      | Found a blossoming altar of Fedhas.
  3352 | D:3      | Noticed an oklob plant
  3839 | D:4      | Reached skill level 4 in Dodging
  3846 | D:4      | Noticed an ogre
  3855 | D:4      | Killed an ogre
  3855 | D:4      | Reached skill level 1 in Shields
  3855 | D:4      | Reached XP level 6. HP: 48/48 MP: 6/6
  3921 | D:4      | Found Luacw's Assorted Antiques.
  3925 | D:4      | Bought a fuming sapphire potion for 20 gold pieces
  3925 | D:4      | Bought an encrusted lead wand for 92 gold pieces
  3925 | D:4      | Bought a twisted bone wand for 92 gold pieces
  3949 | D:4      | Reached *** piety under Trog
  4086 | D:4      | Reached XP level 7. HP: 34/55 MP: 7/7
  5286 | D:5      | Entered Level 5 of the Dungeon
  5341 | D:5      | Reached skill level 5 in Dodging
  5341 | D:5      | Reached XP level 8. HP: 61/61 MP: 8/8
  5417 | D:5      | Found a basalt altar of Yredelemnul.
  5560 | D:5      | Found a white marble altar of Elyvilon.
  5777 | D:5      | Got a crude war axe
  6015 | D:5      | Reached skill level 5 in Fighting
  6163 | D:6      | Found a blossoming altar of Fedhas.
  6164 | D:6      | Found a shadowy altar of Dithmenos.
  6195 | D:6      | Found a staircase to the Ecumenical Temple.
  6210 | Temple   | Entered the Ecumenical Temple
  7031 | D:7      | Noticed Duvessa
  7031 | D:7      | Noticed Dowan
  7042 | D:7      | Killed Duvessa
  7052 | D:7      | Killed Dowan
  7175 | D:7      | Found a runed translucent door.
  7176 | D:7      | Found a shimmering altar of Xom.
  7176 | D:7      | Noticed laerbn's ghost (novice MfSk)
  7225 | D:7      | Found Laly's Book Shoppe.
  7246 | D:7      | Noticed a +1 long sword of chaos
  7526 | D:7      | Identified the +4 war axe of the Ten Spreadsheets {pain,
                  | Str+2 Dex+4} (You found it on level 5 of the Dungeon)
  7953 | D:8      | Reached skill level 6 in Dodging
  7953 | D:8      | Reached XP level 9. HP: 28/69 MP: 9/9
  8189 | D:8      | Found Lisisiet's Assorted Antiques.
  8197 | D:8      | Bought a fuming sapphire potion for 22 gold pieces
  8197 | D:8      | Bought a scroll labeled USKOLA IRICOR for 25 gold pieces
  8197 | D:8      | Bought a scroll labeled YMELORO YQOJE for 25 gold pieces
  8197 | D:8      | Bought a brown potion for 22 gold pieces
  8197 | D:8      | Bought a scroll labeled ULEMUSIQINT for 25 gold pieces
  8197 | D:8      | Bought a wand of flame (6) for 25 gold pieces
  8212 | D:8      | Noticed Harold
  8229 | D:8      | Killed Harold
  8229 | D:8      | Reached skill level 10 in Polearms
  8348 | D:8      | Received a gift from Trog
  8752 | D:8      | Reached skill level 7 in Dodging
  8826 | D:8      | Found a deep blue altar of Sif Muna.
  9069 | D:9      | Found a staircase to the Lair.
  9092 | D:9      | Reached skill level 5 in Throwing
  9114 | D:9      | Reached XP level 10. HP: 66/77 MP: 10/10
  9120 | D:9      | Reached **** piety under Trog
  9253 | D:9      | Found a staircase to the Orcish Mines.
  9705 | D:9      | Reached skill level 8 in Dodging
  9958 | D:9      | Received a gift from Trog
 10322 | D:9      | Reached skill level 5 in Armour
 10511 | D:9      | Noticed a two-headed hydra
 10529 | D:9      | Killed a two-headed hydra
 10529 | D:9      | Reached skill level 9 in Dodging
 10710 | Lair:1   | Entered Level 1 of the Lair of Beasts
 10710 | Lair:1   | Found a glowing golden altar of the Shining One.
 10735 | Lair:1   | Noticed a black mamba
 10745 | Lair:1   | Killed a black mamba
 10745 | Lair:1   | Reached XP level 11. HP: 86/86 MP: 11/11
 11241 | Lair:1   | Reached skill level 10 in Dodging
 11664 | Lair:1   | HP: 3/89 [yak (14)]
 12659 | Lair:2   | Found a frozen archway.
 12684 | Lair:2   | Reached skill level 11 in Dodging
 12731 | IceCv    | Entered an ice cave
 12796 | IceCv    | Noticed a white ugly thing
 12816 | IceCv    | Killed a white ugly thing
 12816 | IceCv    | Reached XP level 12. HP: 97/97 MP: 12/12
 14067 | IceCv    | Reached skill level 10 in Fighting
 14195 | IceCv    | Got distressingly furry ice dragon scales
 14245 | Lair:2   | Identified the +2 ice dragon scales of Roben {+Inv rF- rC++
                  | MR- Dex+5} (You found it in an ice cave)
 15184 | Lair:3   | Noticed a six-headed hydra
 15196 | Lair:3   | Killed a six-headed hydra
 15196 | Lair:3   | Reached skill level 12 in Dodging
 15373 | Lair:3   | You fall through a shaft for 3 floors!
 15373 | Lair:6   | Entered Level 6 of the Lair of Beasts
 15373 | Lair:6   | Noticed a five-headed hydra
 15797 | Lair:6   | Found a staircase to the Slime Pits.
 15839 | Lair:6   | Killed a five-headed hydra
 15983 | Lair:6   | Noticed a six-headed hydra
 15999 | Lair:6   | Killed a six-headed hydra
 16671 | Lair:4   | Found a staircase to the Snake Pit.
 16710 | Lair:4   | Reached skill level 13 in Dodging
 17570 | Lair:4   | Reached XP level 13. HP: 106/106 MP: 13/13
 18547 | Lair:4   | Noticed a fire dragon
 18566 | Lair:4   | Killed a fire dragon
 18933 | Lair:4   | Reached skill level 14 in Dodging
 19462 | Lair:4   | Found a staircase to the Swamp.
 19909 | Swamp:1  | Entered Level 1 of the Swamp
 20124 | Lair:4   | HP: 6/163 [eight-headed hydra (9)]
 20134 | Lair:4   | Reached skill level 1 in Evocations
 20475 | Swamp:1  | Noticed Kirke
 20517 | Swamp:1  | Killed Kirke
 22269 | Swamp:1  | Reached XP level 14. HP: 106/116 MP: 16/16
 23474 | Lair:5   | Reached skill level 15 in Dodging
 23525 | Lair:5   | Received a gift from Trog
 24848 | Lair:6   | Paralysed by a hornet for 2 turns
 24888 | Lair:6   | Reached ***** piety under Trog
 25001 | Lair:6   | Received a gift from Trog
 25136 | Lair:6   | Reached skill level 5 in Evocations
 27190 | Lair:6   | Got a jewelled chain mail
 27211 | Lair:6   | Identified the cursed +0 chain mail of Trog's Delight {rC+
                  | Str+6} (You found it on level 6 of the Lair of Beasts)
 27441 | Snake:1  | Entered Level 1 of the Snake Pit
 27480 | Snake:1  | HP: 8/177 [naga warrior/+0 scimitar (6)]
 27481 | Snake:1  | HP: 3/177 [naga mage/+0 spear (6)]
 27482 | Snake:1  | Slain by a naga

Skill      XL: |  1  2  3  4  5  6  7  8  9 10 11 12 13 14 |
---------------+-------------------------------------------+-----
Dodging        | 3 4 5 6 7 9 11 13 14 15 | 15.5
Polearms       | 5 6 7 9 11 12 | 12.0
Throwing       | 1 2 3 5 6 8 9 |  9.1
Armour         | 2 3 4 5 6 8 9 |  9.8
Fighting       | 4 5 6 8 9 11 12 13 | 13.6
Shields        | 1 2 3 4 |  4.1
Evocations     | 3 5 |  5.4

Action                   |  1- 3 |  4- 6 |  7- 9 | 10-12 | 13-15 || total
-------------------------+-------+-------+-------+-------+-------++-------
Melee: Spear             |   167 |   304 |   397 |  1499 |  1522 ||  3889
       Tailslap          |       |     4 |       |     4 |    29 ||    37
Throw: Stone             |       |     1 |       |       |       ||     1
       Tomahawk          |       |       |       |    60 |       ||    60
       Javelin           |       |       |       |       |    46 ||    46
Invok: Berserk           |       |     1 |     6 |     7 |    15 ||    29
       Trog's Hand       |       |       |     1 |     8 |     9 ||    18
       Brothers in Arms  |       |       |       |     2 |     2 ||     4
Evoke: Wand              |       |       |       |     1 |    19 ||    20
       Fan of gales      |       |       |       |       |     1 ||     1
  Use: Scroll            |       |     7 |     8 |     7 |    11 ||    33
 Stab: Sleeping          |       |     1 |       |       |       ||     1
       Confused          |       |       |       |     3 |       ||     3
       Distracted        |       |       |       |     1 |       ||     1
  Eat: Chunk             |     2 |     6 |    21 |    28 |    38 ||    95
       Ration            |       |     1 |       |     3 |     3 ||     7
Armor: Ring mail         |    41 |   100 |    17 |   261 |    19 ||   438
       Animal skin       |     4 |       |       |       |       ||     4
       Scale mail        |       |    11 |    58 |       |       ||    69
       Leather armour    |       |       |     6 |       |       ||     6
       Fire dragon scale |       |       |       |       |   282 ||   282
       Chain mail        |       |       |       |       |    33 ||    33
Dodge: Dodged            |    69 |   148 |   122 |   658 |   801 ||  1798
Block: Buckler           |       |     8 |    47 |   193 |   215 ||   463
       Shield            |       |       |       |       |    28 ||    28
